 Dungeon Sprint DCSS version 0.21-a0-460-g737a915 (webtiles) character file.

1733 Kidiri the Fighter (level 8, -1/78 HPs)
             Began as a Grey Draconian Transmuter on Nov 20, 2017.
             Was a Priest of Sif Muna.
             Slain by a deep troll (18 damage)
             ... in the Dungeon (Sprint I: "Red Sonja").
             The game lasted 00:04:52 (1388 turns).

Kidiri the Fighter (Grey Draconian Transmuter)      Turns: 1388, Time: 00:04:53

Health: -1/78      AC: 13    Str: 13    XL:     8   Next: 76%
Magic:  12/16      EV: 17    Int: 13    God:    Sif Muna [***...]
Gold:   480        SH:  0    Dex: 14    Spells: 3/18 levels left

rFire    . . .     SeeInvis .     - Unarmed
rCold    . . .     Gourm    .   (shield currently unavailable)
rNeg     . . .     Faith    .   (armour unavailable)
rPois    +         Spirit   .   (helmet restricted)
rElec    .         Reflect  .   (no cloak)
rCorr    .         Harm     .   (gloves currently unavailable)
MR       .....     NoTele   +   l - +1 pair of boots of Etien Tugh {*Drain rPois Stlth+}
Stlth    ++++......             (no amulet)
HPRegen  0.23/turn              (no ring)
MPRegen  0.15/turn              (no ring)

@: blade hands
A: walk through water, unfitting armour, unbreathing, cold-blooded, AC +11
a: End Transformation, Divine Energy, Channel Magic, Renounce Religion


You were in the Dungeon.
You worshipped Sif Muna.
Sif Muna was most pleased with you.
You were not hungry.
You had blades for hands.
You visited 1 branch You collected 727 gold pieces.
You spent 247 gold pieces at shops.

Inventory:

Missiles
 a - 8 arrows
Armour
 l - the +1 pair of boots of Etien Tugh (worn) {*Drain rPois Stlth+}
   (You bought it in a shop in the Dungeon)

   It protects you from poison.
   It causes draining when unequipped.
   It makes you more stealthy.
Scrolls
 i - a scroll of blinking
 j - a scroll of identify {unknown}
Potions
 d - 3 potions of curing
 e - a potion of heal wounds
 f - a potion of haste
 g - 2 potions of magic
 h - a potion of berserk rage
Books
 b - a book of Changes

   Spells                             Type                      Level
   a - Beastly Appendage              Transmutation                1
   b - Sticks to Snakes               Transmutation                2
   c - Spider Form                    Transmutation/Poison         3
   d - Ice Form                       Ice/Transmutation            4
   e - Blade Hands                    Transmutation                5
Comestibles
 c - a bread ration
 k - a royal jelly


   Skills:
 * Level 9.6 Fighting
 * Level 8.3 Dodging
 + Level 6.0 Stealth
 + Level 6.9 Unarmed Combat
 + Level 5.9 Spellcasting
 * Level 9.0 Transmutations
 + Level 4.6 Ice Magic
 + Level 4.6 Poison Magic


You had 3 spell levels left.
You knew the following spells:

 Your Spells              Type           Power        Failure   Level  Hunger
a - Beastly Appendage     Tmut           ####..       11%         1    None
b - Sticks to Snakes      Tmut           ####....     13%         2    ##.....
c - Spider Form           Tmut/Pois      ###.......   26%         3    ###....
d - Ice Form              Ice/Tmut       ###.....     45%         4    ####...
e - Blade Hands           Tmut           ####......   47%         5    ######.


Dungeon Overview and Level Annotations

Branches:
Dungeon (1/1)

Altars:
Cheibriados
Dithmenos
Elyvilon
Fedhas
Gozag
Hepliaklqana
Kikubaaqudgha
Makhleb
Nemelex Xobeh
Okawaru
Qazlal
Ru
Sif Muna
Trog
Uskayaw
Vehumet
Wu Jian
Xom
Yredelemnul
Zin
The Shining One
Jiyva
Lugonu

Shops:
D ([

Annotations:
D exclusion: 5 doors


Innate Abilities, Weirdness & Mutations

You can walk through water.
Your dull iron-grey scales are very hard. (AC +11)
You cannot fit into any form of body armour.
You can survive without breathing.
You are cold-blooded and may be slowed by cold attacks.


Message History

The deep troll barely misses you.
You hit the deep troll but do no damage.
You tail-slap the deep troll, but do no damage.
The deep troll is moderately wounded.
The deep troll completely misses you. The deep troll barely misses you.
The deep troll claws you!
You slice the deep troll!!
The deep troll is severely wounded.
The deep troll barely misses you. The deep troll claws you!!
* * * LOW HITPOINT WARNING * * *
The deep troll claws you!
* * * LOW HITPOINT WARNING * * *
Unknown command.
You slash the deep troll!
The deep troll is almost dead.
Unknown command.
You hit the deep troll. Your slash misses the deep troll.
The deep troll is almost dead.
The deep troll bites you!!
You die...

#..#####+#####+#__####...+
#..####..#...#.#### #####
#..#__####..##.#
#..#_____##+#_.+
#⌠⌠#_.∩...+..._#
####_..__##_.#+#
#_____###+#.#
############.####+###
#∩........+...'$@T$$+
###++++####.).#######
###.### #.#+#.# #.....#
#...(.# #######


You could see a deep troll.

Vanquished Creatures
  Sonja (D)
  2 kobold demonologists (D)
  A slime creature (D)
  A yak (D)
  A floating eye (D)
  A jelly (D)
  Ijyb (D)
  A ballistomycete (D)
9 creatures vanquished.

Vanquished Creatures (collateral kills)
  Sigmund (D)
  An ogre (D)
2 creatures vanquished.

Vanquished Creatures (others)
  2 ballistomycete spores (D)
2 creatures vanquished.

Grand Total: 13 creatures vanquished

Notes
Turn   | Place    | Note
-------+----------+-------------------------------------------
     0 | D        | Kidiri the Draconian Transmuter began the quest for the Orb.
     0 | D        | Reached XP level 1. HP: 16/16 MP: 3/3
     3 | D        | Noticed Ijyb
    29 | D        | Killed Ijyb
    29 | D        | Reached skill level 1 in Stealth
    29 | D        | Reached XP level 2. HP: 11/26 MP: 2/5
   208 | D        | Learned a level 2 spell: Sticks to Snakes
   213 | D        | Noticed an ogre
   221 | D        | Killed an ogre
   221 | D        | Reached XP level 3. HP: 19/33 MP: 1/7
   243 | D        | Learned a level 3 spell: Spider Form
   348 | D        | Noticed Sigmund
   356 | D        | Killed Sigmund
   356 | D        | Reached skill level 5 in Fighting
   356 | D        | Reached skill level 5 in Dodging
   356 | D        | Reached skill level 5 in Transmutations
   356 | D        | Reached XP level 4. HP: 39/44 MP: 1/10
   356 | D        | Reached XP level 5. HP: 44/50 MP: 1/11
   378 | D        | Learned a level 4 spell: Ice Form
   442 | D        | Found an ornate altar of the Wu Jian Council.
   442 | D        | Found a deep blue altar of Sif Muna.
   444 | D        | Found a radiant altar of Vehumet.
   448 | D        | Became a worshipper of Sif Muna the Loreminder
   582 | D        | Found Wuokkaon's Antique Armour Emporium.
   582 | D        | Found an ancient bone altar of Kikubaaqudgha.
   582 | D        | Found a hazy altar of Hepliaklqana.
   582 | D        | Found a stormy altar of Qazlal.
   582 | D        | Found a hide-covered altar of Uskayaw.
   582 | D        | Found a blossoming altar of Fedhas.
   582 | D        | Found a bloodstained altar of Trog.
   582 | D        | Found an iron altar of Okawaru.
   582 | D        | Found a basalt altar of Yredelemnul.
   582 | D        | Found a glowing golden altar of the Shining One.
   582 | D        | Found a snail-covered altar of Cheibriados.
   582 | D        | Found a sacrificial altar of Ru.
   582 | D        | Found a glowing silver altar of Zin.
   582 | D        | Found a shadowy altar of Dithmenos.
   582 | D        | Found a white marble altar of Elyvilon.
   582 | D        | Noticed a yak
   583 | D        | Found an opulent altar of Gozag.
   586 | D        | Killed a yak
   586 | D        | Reached * piety under Sif Muna
   586 | D        | Reached skill level 5 in Unarmed Combat
   586 | D        | Reached XP level 6. HP: 52/60 MP: 7/12
   587 | D        | Found a sparkling altar of Nemelex Xobeh.
   780 | D        | Bought a pair of translucent boots for 247 gold pieces
   785 | D        | Identified the +1 pair of boots of Etien Tugh {*Drain rPois Stlth+} (You bought it in a shop in the Dungeon)
   801 | D        | Found a burning altar of Makhleb.
   801 | D        | Found a viscous altar of Jiyva.
   801 | D        | Found a shimmering altar of Xom.
   801 | D        | Found a corrupted altar of Lugonu.
   801 | D        | Noticed a slime creature
   809 | D        | Killed a slime creature
   809 | D        | Your scales start taking on a dull iron-grey colour.
   809 | D        | Reached XP level 7. HP: 60/66 MP: 9/14
   809 | D        | Gained mutation: You can survive without breathing. [Grey Draconian growth]
   897 | D        | Learned a level 5 spell: Blade Hands
   924 | D        | Noticed a kobold demonologist
   925 | D        | Noticed a kobold demonologist
   926 | D        | Reached ** piety under Sif Muna
   926 | D        | Reached skill level 5 in Spellcasting
   927 | D        | Noticed an ice devil
   930 | D        | Noticed a red devil
   931 | D        | Killed a kobold demonologist
   931 | D        | Reached skill level 5 in Stealth
   936 | D        | Killed a kobold demonologist
   936 | D        | Reached XP level 8. HP: 33/77 MP: 10/16
  1148 | D        | Noticed Sonja
  1153 | D        | Killed Sonja
  1153 | D        | Reached *** piety under Sif Muna
  1168 | D        | Found Aggei's Antique Weapon Boutique.
  1378 | D        | Noticed a deep troll
  1388 | D        | Slain by a deep troll

Vault maps used:
D:        dungeon_sprint_1

Skill      XL: |  1  2  3  4  5  6  7  8 |
---------------+-------------------------+-----
Fighting       | 3 5 7 8 9 |  9.6
Dodging        | 2 3 5 6 7 8 |  8.3
Stealth        | 1 2 3 4 5 6 |  6.0
Transmutations | 3 4 5 6 7 8 9 |  9.0
Spellcasting   | 3 4 5 |  5.9
Unarmed Combat | 4 5 6 |  6.9
Ice Magic      | 2 3 4 |  4.6
Poison Magic   | 2 3 4 |  4.6

Action                   |  1- 3 |  4- 6 |  7- 9 || total
-------------------------+-------+-------+-------++-------
Melee: Unarmed           |    30 |    13 |    23 ||    66
       Kick              |    10 |       |       ||    10
       Tailslap          |     3 |       |     5 ||     8
       Punch             |     1 |       |     1 ||     2
 Cast: Beastly Appendage |     3 |       |       ||     3
       Sticks to Snakes  |     4 |       |       ||     4
       Spider Form       |     1 |     1 |       ||     2
       Ice Form          |       |     2 |     1 ||     3
       Blade Hands       |       |       |     2 ||     2
 Stab: Sleeping          |     1 |     3 |     2 ||     6
  Eat: Chunk             |       |       |     1 ||     1
       Bread ration      |       |       |     1 ||     1
Armor: Skin              |     4 |     1 |     5 ||    10
Dodge: Dodged            |    13 |     4 |    18 ||    35

Table legend:
 A = Spawn XP
 B = Non-spawn XP
 C = Spawn XP percentage of total XP
 D = Spawn monster count
 E = Non-spawn monster count
 F = Spawn count percentage of total count
 G = Total turns spent on level
                    A         B        C        D         E        F      G
               +---------+---------+-------+---------+---------+-------+---------
         Total |       0 |    2477 |   0.0 |       0 |      10 |   0.0 |  1388
               +---------+---------+-------+---------+---------+-------+---------
             D |       0 |    2477 |   0.0 |       0 |      10 |   0.0 |  1388
               +---------+---------+-------+---------+---------+-------+---------
